 Dungeon Crawl Stone Soup version 0.25.0-11-g1f837a7 (webtiles) character file.

Game seed: 3838498334786426161

54 Balder the Chopper (level 3, 0/33 HPs)
             Began as a Minotaur Berserker on June 26, 2020.
             Was a Follower of Trog.
             Slain by Sigmund
             ... wielding a +0 scythe
              (5 damage)
             ... on level 2 of the Dungeon.
             The game lasted 00:03:33 (1261 turns).

Balder the Chopper (Minotaur Berserker)             Turns: 1261, Time: 00:03:34

Health: 0/33       AC: 12    Str: 21    XL:     3   Next: 66%
Magic:  2/2        EV:  6    Int:  4    God:    Trog [*.....]
Gold:   40         SH:  0    Dex: 10    Spells: 2/2 levels left

rFire    . . .     SeeInvis .   a - +0 hand axe
rCold    . . .     Gourm    .   (no shield)
rNeg     . . .     Faith    .   j - +1 plate armour {rPois}
rPois    +         Spirit   .   (helmet restricted)
rElec    .         Reflect  .   (no cloak)
rCorr    .         Harm     .   (no gloves)
MR       .....                  (no boots)
Stlth    ..........             (no amulet)
HPRegen  0.11/turn              (no ring)
MPRegen  0.08/turn              (no ring)

@: confused, berserk cooldown, slowed, very slow
A: retaliatory headbutt, horns 2
a: Berserk, Renounce Religion


You were on level 2 of the Dungeon.
You worshipped Trog.
Trog was aware of your devotion.
You were hungry.

You visited 1 branch of the dungeon, and saw 2 of its levels.

You collected 40 gold pieces.

Inventory:

Hand Weapons
 a - a +0 hand axe (weapon)
 f - a +2 short sword of flaming
 n - a +0 hand crossbow
Armour
 b - a +0 animal skin
 j - a +1 plate armour of poison resistance (worn)
Scrolls
 d - a scroll of teleportation {unknown}
 e - a scroll of enchant armour {unknown}
 h - 3 scrolls of identify {unknown}
 i - 2 scrolls of remove curse {unknown}
Potions
 k - a potion of magic {unknown}
 l - a potion of curing {unknown}
 m - a potion of degeneration {unknown}
Comestibles
 c - 3 rations
 g - 4 chunks of flesh


   Skills:
 * Level 4.3 Fighting
 * Level 4.7 Axes
 * Level 0.5 Throwing
 * Level 2.9 Armour
 * Level 2.2 Dodging


You had 2 spell levels left.
You didn't know any spells.
Your spell library was empty.

Dungeon Overview and Level Annotations

Branches:
Dungeon (2/15)

Altars:

Annotations:
D:2 Sigmund


Innate Abilities, Weirdness & Mutations

You reflexively headbutt those who attack you in melee.
You have a pair of horns on your head.


Message History

You see here an adder corpse.
You feel a strong urge to attack something.
You feel your anger nearly subside.
You are no longer berserk.
You are exhausted.
You feel yourself slow down.
A magic dart appears from out of thin air!
The magic dart hits you.
* * * LOW HITPOINT WARNING * * *
Something hits you but does no damage. Something hits you but does no damage.
The rat completely misses you.
You miss something. You barely miss the rat.
The rat bites you but does no damage. Something hits you.
* * * LOW HITPOINT WARNING * * *
You miss something. You hit the rat.
You kill the rat!
Trog accepts your kill.
You hear some strange, mumbled words.
You are confused.
Something hits you.
You die...

######... ######<.....#
#######......######
##...#...#########
#.........###....# .
...........##..>.# ##...
...÷........#....####....##
................@..........
#.........###...{###.######
##...#...## #.....# .#
######### #...†># .#
#......?.... ######...#..
#..... .#.r. ##...


There were no monsters in sight!

Vanquished Creatures
  An adder (D:2)
  An ooze (D:1)
  3 dart slugs (D:1)
  4 leopard geckos
  A ball python (D:1)
  4 bats (D:1)
  A giant cockroach (D:1)
  3 goblins (D:1)
  2 hobgoblins (D:1)
  5 kobolds (D:1)
  2 frilled lizards (D:1)
  3 rats
30 creatures vanquished.

Notes
Turn   | Place    | Note
-------+----------+-------------------------------------------
     0 | D:1      | Balder the Minotaur Berserker began the quest for the Orb.
     0 | D:1      | Reached XP level 1. HP: 19/19 MP: 0/0
   340 | D:1      | Reached XP level 2. HP: 27/27 MP: 1/1
   643 | D:1      | Reached XP level 3. HP: 33/33 MP: 2/2
  1242 | D:2      | Noticed Sigmund
  1261 | D:2      | Slain by Sigmund

Illustrated notes

Levels and vault maps discovered:
D:1:      nicolae_arrival_washed_ashore, layout_loops_corners, st_stairs_6,
          minivault_4
D:2:      layout_rooms, uniq_terence, uniq_sigmund

Skill      XL: |  1  2 |
---------------+-------+-----
Axes           | 4 |  4.7
Fighting       | 4 |  4.3
Throwing       | |  0.5
Armour         | |  2.9
Dodging        | |  2.2

Action                   || total
-------------------------++-------
Melee: Hand axe          ||    73
       Headbutt          ||    15
Invok: Berserk           ||     2
  Eat: Chunk             ||     2
Armor: Plate armour      ||    43
Dodge: Dodged            ||    38
